 Dungeon Crawl Stone Soup version 0.18-a0-993-g4a3b7c7 (webtiles) character file.

12756 kroki the Covert (level 11, -10/87 HPs)
             Began as a Spriggan Berserker on Jan 4, 2016.
             Was a High Priest of Trog.
             Mangled by a komodo dragon (23 damage)
             ... on level 2 of the Lair of Beasts.
             The game lasted 00:17:18 (11590 turns).

kroki the Covert (Spriggan Berserker)              Turns: 11590, Time: 00:17:18

Health: -10/87     AC:  7    Str: 19    XL:     11   Next: 66%
Magic:  17/17      EV: 29    Int:  9    God:    Trog [*****.]
Gold:   356        SH:  2    Dex: 18    Spells: 0 memorised, 10 levels left

rFire  . . .     SeeInvis +     d - +1 dagger (elec)
rCold  . . .     Gourm    .     P - +0 troll leather armour {regen}
rNeg   . . .     Faith    .     (shield restricted)
rPois  +         Spirit   .     (helmet restricted)
rElec  .         Dismiss  .     T - +2 cloak {rPois}
rCorr  .         Reflect  +     (gloves unavailable)
SustAt .         Harm     .     (boots unavailable)
MR     +++..                    U - +2 amulet of reflection
Stlth  ..........               X - ring of protection from magic {MR+, !d}
                                y - ring of protection from magic {MR+, !d}

@: berserking, very quick, extremely resistant to hostile enchantments,
extremely unstealthy
A: unfitting armour, see invisible, herbivore 3, speed 3, slow metabolism 2
a: Berserk, Trog's Hand, Brothers in Arms, Burn Spellbooks, Renounce Religion


You were on level 2 of the Lair of Beasts.
You worshipped Trog.
Trog was extremely pleased with you.
You were not hungry.

You visited 2 branches of the dungeon, and saw 12 of its levels.
You also visited: Volcano.

You collected 608 gold pieces.
You spent 252 gold pieces at shops.

Inventory:

Hand Weapons
 c - a +0 short sword
   (You took it off a kobold on level 1 of the Dungeon)
 d - a +1 dagger of electrocution (weapon)
   (You took it off a goblin on level 1 of the Dungeon)
 L - a +0 blowgun
   (You found it on level 7 of the Dungeon)
Missiles
 N - 12 poisoned needles
Armour
 m - a +2 robe of positive energy
   (You took it off Sigmund on level 2 of the Dungeon)
 P - a +0 troll leather armour (worn) {regen}
   (You found it on level 8 of the Dungeon)
 T - a +2 cloak of poison resistance (worn)
   (You found it on level 8 of the Dungeon)
Jewellery
 n - an uncursed ring of teleportation {+/*tele, !d}
   (You found it on level 4 of the Dungeon)
 o - a +5 ring of intelligence
   (You found it on level 3 of the Dungeon)
 w - an uncursed amulet of rage {+Rage, !d}
   (You found it on level 5 of the Dungeon)
 y - a ring of protection from magic (left hand) {MR+, !d}
   (You found it on level 5 of the Dungeon)
 U - a +2 amulet of reflection (around neck)
   (You found it on level 1 of the Lair of Beasts)
 X - a ring of protection from magic (right hand) {MR+, !d}
   (You found it on level 2 of the Lair of Beasts)
Wands
 a - a wand of draining (0/15)
   (You found it on level 10 of the Dungeon)
 f - a wand of frost (21/48)
   (You took it off a gnoll on level 5 of the Dungeon)
 k - a wand of teleportation (6/9)
   (You took it off Sigmund on level 2 of the Dungeon)
 q - a wand of magic darts (27/48)
   (You took it off Robin on level 3 of the Dungeon)
 A - a wand of draining (0/15)
   (You found it on level 5 of the Dungeon)
 F - a wand of draining (0/15)
   (You found it on level 8 of the Dungeon)
 I - a wand of flame (10/48)
   (You found it on level 6 of the Dungeon)
 M - a wand of digging (8/24)
   (You found it on level 8 of the Dungeon)
 S - a wand of frost (4/48)
   (You found it on level 8 of the Dungeon)
 V - a wand of lightning (0/15)
   (You found it on level 1 of the Lair of Beasts)
 W - a wand of frost (13/48)
   (You found it on level 1 of the Lair of Beasts)
Scrolls
 j - 6 scrolls of teleportation
 s - 2 scrolls of blinking {!r}
 v - 3 scrolls of identify
 B - 3 scrolls of immolation {!r}
 D - 4 scrolls of remove curse
 G - 2 scrolls of recharging
 J - 2 scrolls of holy word {!r}
 Q - a scroll of enchant weapon
 Y - a scroll of summoning {unknown}
Potions
 b - a potion of resistance
 e - a potion of magic {unknown}
 g - 2 potions of invisibility {unknown}
 i - 3 potions of cancellation {unknown}
 l - a potion of lignification {unknown}
 r - 3 potions of berserk rage {unknown}
 t - a potion of mutation {unknown}
 u - 3 potions of brilliance {unknown}
 x - a potion of degeneration {unknown}
 z - 3 potions of heal wounds
 E - 3 potions of curing {unknown}
 K - 2 potions of agility {unknown}
 O - a potion of haste {unknown}
Books
 h - a book of Maledictions
   (You found it on level 5 of the Dungeon)
 C - a Necronomicon
   (You found it on level 5 of the Dungeon)
 H - a book of Beasts
   (You found it on level 6 of the Dungeon)
 R - a book of Dreams
   (You found it on level 1 of the Lair of Beasts)
Comestibles
 p - 5 bread rations {@e1}


   Skills:
 + Level 6.4 Fighting
 - Level 10.2 Short Blades
 + Level 13.5 Dodging
 * Level 14.3 Stealth
 - Level 2.8 Unarmed Combat
 + Level 7.2 Evocations


You had 10 spell levels left.
You didn't know any spells.

Dungeon Overview and Level Annotations

Branches:
Dungeon (10/15)            Temple (0/1) D:4            Lair (2/8) D:10
    Orc (0/2) D:10

Altars:
Dithmenos
Elyvilon
Fedhas
Kikubaaqudgha
Makhleb
Nemelex Xobeh
Qazlal
Ru
Sif Muna
Trog
Yredelemnul
Zin
The Shining One

Shops:
D:5 !!   D:8 :   D:10 *!%%


Innate Abilities, Weirdness & Mutations

You are tiny and cannot use many weapons and most armour.
You have supernaturally acute eyesight.
You are a herbivore.
You cover ground extremely quickly.
You need consume almost no food.


Message History

Aim: a porcupine (severely wounded)
The puff of frost hits the porcupine.
You kill the porcupine!
Trog accepts your kill.
Evoking this partially-identified wand wasted a few charges.
Aim: a crocodile The puff of frost hits the crocodile.
Evoking this partially-identified wand wasted a few charges.
Your skill with magical items lets you calculate the power of this device...
This wand has 18 charges left.
Aim: a crocodile (heavily wounded)
The puff of frost hits the crocodile.
The crocodile appears unharmed.
This wand has 17 charges left.
Aim: a crocodile (heavily wounded)
The puff of frost hits the crocodile.
This wand has 16 charges left.
Aim: a crocodile (heavily wounded)
The puff of frost hits the crocodile.
This wand has 15 charges left.
Aim: a crocodile (severely wounded)
The puff of frost hits the crocodile.
You kill the crocodile!
Trog accepts your kill.
This wand has 14 charges left.
Health restored: 58
Aim: an elephant The puff of frost hits the elephant.
This wand has 13 charges left.
Aim: an elephant (lightly wounded)
The puff of frost hits the elephant.
This wand has 12 charges left.
Aim: an elephant (moderately wounded)
The puff of frost hits the elephant.
This wand has 11 charges left.
You hit the elephant but do no damage.
There is a sudden explosion of sparks!
You hit the elephant but do no damage. The elephant completely misses you.
The elephant barely misses you.
You hit the elephant but do no damage. You hit the elephant but do no damage.
There is a sudden explosion of sparks!
The elephant tramples you but does no damage.
The elephant misses you.
You hit the elephant but do no damage.
There is a sudden explosion of sparks!
You hit the elephant but do no damage. The elephant completely misses you.
The elephant barely misses you.
You hit the elephant but do no damage. You completely miss the elephant.
The elephant completely misses you. The elephant completely misses you.
You hit the elephant but do no damage.
There is a sudden explosion of sparks!
You kill the elephant!
Trog accepts your kill.
You now have 356 gold pieces (gained 9).
Y - a scroll labeled MILADGHUDEV A komodo dragon comes into view.
A komodo dragon is nearby!
A komodo dragon is nearby!
A komodo dragon is nearby!
A komodo dragon is nearby!
Aim: a komodo dragon (resting)
The puff of frost hits the komodo dragon.
The komodo dragon hisses angrily.
This wand has 10 charges left.
Aim: a komodo dragon (lightly wounded)
The puff of frost hits the komodo dragon.
This wand has 9 charges left.
Aim: a komodo dragon (moderately wounded)
The puff of frost hits the komodo dragon.
This wand has 8 charges left.
Aim: a komodo dragon (moderately wounded)
The puff of frost hits the komodo dragon.
This wand has 7 charges left.
Aim: a komodo dragon (moderately wounded)
The puff of frost hits the komodo dragon.
This wand has 6 charges left.
Aim: a komodo dragon (moderately wounded)
The puff of frost hits the komodo dragon.
This wand has 5 charges left.
You barely miss the komodo dragon. The komodo dragon barely misses you.
You hit the komodo dragon but do no damage.
You hit the komodo dragon but do no damage.
There is a sudden explosion of sparks!
The komodo dragon closely misses you.
You closely miss the komodo dragon. You completely miss the komodo dragon.
The komodo dragon completely misses you.
You hit the komodo dragon but do no damage.
You hit the komodo dragon but do no damage.
The komodo dragon completely misses you.
You hit the komodo dragon but do no damage.
You hit the komodo dragon but do no damage.
The komodo dragon bites you!!
You take 28 damage, and have 30/58 hp.
MASSIVE DAMAGE!!
Aim: a komodo dragon (severely wounded)
The puff of frost hits the komodo dragon.
This wand has 4 charges left.
You block the komodo dragon's attack.
You barely miss the komodo dragon.
You hit the komodo dragon but do no damage.
The komodo dragon misses you.
You hit the komodo dragon. You barely miss the komodo dragon.
The komodo dragon bites you!!
* * * LOW HITPOINT WARNING * * *
You take 24 damage, and have 8/58 hp.
MASSIVE DAMAGE!!
A red film seems to cover your vision as you go berserk!
You feel yourself moving faster!
You feel mighty! The komodo dragon bites you!!
You die...

..#.# .###.###.####
..#... ..........#.#
#...#.###.#...##...##
#.........#.....#.##
#.....#.#.#...#.#..#
#..###..#..###..#.##
#...............#.#
####....#########.#
.......## #@.#
##..#.## #Pl##
#....## #../. #.....#
#...## #....## ##..#
....##.# #..#
.....### ...# .....
.P## ....


You could see a komodo dragon.

Vanquished Creatures
  A hydra (Lair:2)
  An orc sorcerer (Volcano)
  An elephant (Lair:2)
  3 spiny frogs (Lair:1)
  2 trolls
  3 blink frogs (Lair:2)
  Sigmund (D:2)
  9 yaks
  2 fire bats (Volcano)
  2 hungry ghosts
  3 wargs (D:10)
  4 water moccasins
  The ghost of MordorOrchid the Magician, an amateur OpWz (D:3)
  A porcupine (Lair:2)
  6 orc warriors
  4 black bears
  An ice beast (D:6)
  6 phantoms
  A sky beast (D:5)
  7 ogres
  4 centaurs
  4 crocodiles
  8 giant frogs
  4 scorpions
  A killer bee (D:8)
  14 wights
  4 lava snakes (Volcano)
  A centaur zombie (D:5)
  5 crimson imps
  6 hounds
  A jelly (D:7)
  5 orc priests
  A centaur skeleton (D:6)
  5 iguanas
  7 worker ants
  11 orc wizards
  Robin (D:3)
  6 gnolls
  A worker ant zombie (D:7)
  10 adders
  A shadow imp (D:8)
  An ooze (D:5)
  An adder skeleton (D:9)
  An adder zombie (D:5)
  4 worms
  4 giant geckos
  20 orcs
  4 bats
  4 giant cockroaches
  19 goblins
  12 hobgoblins
  8 jackals
  5 kobolds
  6 quokkas
  A ball python (D:5)
  A ball python skeleton (D:5)
  A giant gecko skeleton (D:5)
  7 giant newts
  3 jackal skeletons
  A quokka skeleton (D:4)
  6 rats
  A spectral orc (D:5)
269 creatures vanquished.

Vanquished Creatures (collateral kills)
  Urug (Lair:1)
  3 yaks (Lair:1)
  A porcupine (Lair:1)
  An ogre (D:8)
  2 killer bees (D:8)
  A worker ant (D:8)
9 creatures vanquished.

Vanquished Creatures (others)
  5 fungi (Lair:2)
  A plant (Lair:2)
6 creatures vanquished.

Grand Total: 284 creatures vanquished

Notes
Turn   | Place    | Note
--------------------------------------------------------------
     0 | D:1      | kroki the Spriggan Berserker began the quest for the Orb.
     0 | D:1      | Reached XP level 1. HP: 11/11 MP: 2/2
   151 | D:1      | Reached XP level 2. HP: 14/16 MP: 3/3
   174 | D:1      | Reached skill level 1 in Short Blades
   310 | D:1      | Reached ** piety under Trog
   483 | D:1      | Reached skill level 2 in Short Blades
   616 | D:1      | You fall through a shaft!
   788 | D:2      | Reached XP level 3. HP: 19/19 MP: 4/4
   868 | D:2      | Noticed Sigmund
   879 | D:2      | Killed Sigmund
   879 | D:2      | Reached skill level 5 in Short Blades
   879 | D:2      | Reached XP level 4. HP: 23/23 MP: 5/5
   879 | D:2      | Reached XP level 5. HP: 27/27 MP: 6/6
  1072 | D:2      | Found a glowing golden altar of the Shining One.
  1072 | D:2      | Found a glowing silver altar of Zin.
  1073 | D:2      | Found a white marble altar of Elyvilon.
  1117 | D:2      | Found a glowing golden altar of the Shining One.
  1573 | D:3      | Noticed MordorOrchid's ghost (amateur OpWz)
  1583 | D:3      | Killed MordorOrchid's ghost
  1583 | D:3      | Reached skill level 5 in Dodging
  1583 | D:3      | Reached XP level 6. HP: 32/32 MP: 7/7
  2177 | D:3      | Reached skill level 3 in Fighting
  2252 | D:3      | Noticed Robin
  2330 | D:3      | Reached *** piety under Trog
  2339 | D:3      | Killed Robin
  2339 | D:3      | Reached skill level 6 in Dodging
  2640 | D:4      | Found a sparkling altar of Nemelex Xobeh.
  2686 | D:4      | Reached skill level 6 in Short Blades
  2877 | D:4      | Reached skill level 2 in Stealth
  2877 | D:4      | Reached XP level 7. HP: 23/36 MP: 8/8
  2885 | D:4      | Found a staircase to the Ecumenical Temple.
  3508 | D:4      | Found a bloodstained altar of Trog.
  3653 | D:4      | Reached skill level 7 in Dodging
  3653 | D:4      | Reached skill level 3 in Stealth
  3665 | D:4      | Reached skill level 4 in Stealth
  3877 | D:5      | Entered Level 5 of the Dungeon
  3943 | D:5      | Found a stormy altar of Qazlal.
  3982 | D:5      | Found a basalt altar of Yredelemnul.
  4068 | D:5      | Reached skill level 5 in Stealth
  4184 | D:5      | Reached XP level 8. HP: 40/40 MP: 9/9
  4222 | D:5      | Reached skill level 8 in Dodging
  4364 | D:5      | Found a blossoming altar of Fedhas.
  4528 | D:5      | Found Maosigu's Distillery.
  4531 | D:5      | Bought a potion of heal wounds for 70 gold pieces
  4588 | D:5      | Reached skill level 6 in Stealth
  4837 | D:5      | Reached skill level 4 in Fighting
  5204 | D:5      | Reached skill level 9 in Dodging
  5204 | D:5      | Reached skill level 7 in Stealth
  5213 | D:5      | Found Bigofur's Distillery.
  5299 | D:6      | Reached **** piety under Trog
  5325 | D:6      | Reached skill level 7 in Short Blades
  5534 | D:6      | Found a burning altar of Makhleb.
  5640 | D:6      | Reached skill level 8 in Stealth
  5824 | D:6      | Reached XP level 9. HP: 46/46 MP: 10/10
  5921 | D:6      | Reached skill level 10 in Dodging
  6097 | D:6      | Reached skill level 9 in Stealth
  7143 | D:7      | Reached skill level 10 in Stealth
  7152 | D:7      | Reached skill level 11 in Dodging
  7156 | D:7      | Reached skill level 5 in Fighting
  7898 | D:8      | Noticed a troll
  7910 | D:8      | Killed a troll
  7910 | D:8      | Reached skill level 8 in Short Blades
  7919 | D:8      | Reached skill level 11 in Stealth
  8265 | D:8      | Reached XP level 10. HP: 51/51 MP: 11/11
  8391 | D:8      | Found Deowyjoo's Book Emporium.
  8509 | D:8      | Found an ancient bone altar of Kikubaaqudgha.
  8728 | D:9      | Reached skill level 12 in Dodging
  9110 | D:9      | Found a sacrificial altar of Ru.
  9112 | D:9      | Found a shadowy altar of Dithmenos.
  9114 | D:9      | Found a deep blue altar of Sif Muna.
  9156 | D:10     | Entered Level 10 of the Dungeon
  9156 | D:10     | Found Wiahaeqi's Distillery.
  9164 | D:10     | Bought a potion of heal wounds for 55 gold pieces
  9164 | D:10     | Bought a potion of heal wounds for 55 gold pieces
  9196 | D:10     | Found Utera's Assorted Antiques.
  9221 | D:10     | Found a staircase to the Lair.
  9258 | D:10     | Reached skill level 12 in Stealth
  9356 | D:10     | Reached skill level 2 in Evocations
  9361 | D:10     | Reached skill level 3 in Evocations
  9396 | D:10     | Reached skill level 4 in Evocations
  9397 | D:10     | Reached ***** piety under Trog
  9451 | D:10     | Found a staircase to the Orcish Mines.
  9498 | D:10     | Reached skill level 5 in Evocations
  9606 | D:10     | Reached skill level 9 in Short Blades
  9709 | D:10     | Found Citoysa's Food Emporium.
  9793 | D:10     | Found Wugudana's Food Shoppe.
  9796 | D:10     | Bought 3 fruits for 54 gold pieces
  9796 | D:10     | Bought a slice of pizza for 18 gold pieces
  9812 | D:10     | Reached skill level 10 in Short Blades
 10060 | Lair:1   | Entered Level 1 of the Lair of Beasts
 10083 | Lair:1   | Reached XP level 11. HP: 56/56 MP: 16/16
 10230 | Lair:1   | Noticed Urug
 10242 | Lair:1   | Killed Urug
 10295 | Lair:1   | Reached skill level 6 in Evocations
 10344 | Lair:1   | Found a dark tunnel.
 10352 | Volcano  | Entered a volcano
 10403 | Volcano  | HP: 11/56 [lava snake/glob of lava (17)]
 10406 | Volcano  | Reached skill level 13 in Dodging
 10522 | Volcano  | Noticed an orc sorcerer
 10529 | Volcano  | Reached skill level 13 in Stealth
 10536 | Volcano  | Killed an orc sorcerer
 10536 | Volcano  | Reached skill level 6 in Fighting
 10544 | Volcano  | Found a bloodstained altar of Trog.
 11415 | Lair:2   | Noticed an eight-headed hydra
 11446 | Lair:2   | Killed an eight-headed hydra
 11446 | Lair:2   | Reached skill level 14 in Stealth
 11446 | Lair:2   | Reached skill level 7 in Evocations
 11589 | Lair:2   | HP: 8/58 [komodo dragon (24)]
 11590 | Lair:2   | Mangled by a komodo dragon

Vault maps used:
D:1:      onia_arrival_mini_spirals
D:2:      good_gods_temple_1, roderic_serpentine_path, tso_altar, uniq_sigmund
D:3:      minmay_box_of_dots, uniq_robin
D:4:      lightli_temple_of_fire, nemelex_xobeh_ov_fountains_minmay,
          minmay_temple_entry_enclosed_plants, serial_co_window_serial,
          co_window_corner_a, co_window_corner_a, co_window_of_opportunity_a,
          co_window_paths_a, co_window_cross_1, co_window_of_opportunity_a,
          co_window_corner_a, co_window_corner_a, co_window_paths_a,
          co_window_broadway_a, co_window_cross_2, co_window_corner_b,
          co_window_4corner_a, glass_columns_a, glass_columns_b,
          glass_columns_c, kennysheep_small_spiral
D:5:      grunt_temple_overflow_forces_of_nature,
          yredelemnul_forgotten_temple_becter, first_bread, serial_shops, shop,
          kennysheep_mini
D:6:      bloody_makhleb, grunt_ministairs_7
D:8:      kiku_gazebo_pond_becter, serial_shops, nicolae_shop_stone
D:9:      minitemple, kennysheep_generic_room_10
D:10:     erik_lair_orcish_takeover, david_orc_3, serial_shops,
          nicolae_shop_overgrown_old_shop, nicolae_shop_trees,
          nicolae_shop_crystal, shop
Lair:1:   lightli_volcano_entry_magma_tube, uniq_urug
Lair:2:   mu_elephants_graveyard, patterned_corridor, serial_bayou_shore_b,
          serial_bayou_shore_a
Volcano:  volcano_grotto

Action                   |  1- 3 |  4- 6 |  7- 9 | 10-12 || total
-------------------------+-------+-------+-------+-------++-------
Melee: Unarmed           |    19 |       |       |       ||    19
       Dagger            |    74 |   171 |   448 |   439 ||  1132
Invok: Berserk           |     2 |     1 |     7 |     4 ||    14
       Trog's Hand       |     1 |       |     1 |     1 ||     3
       Brothers in Arms  |       |       |     1 |     1 ||     2
Evoke: Wand              |       |       |       |    39 ||    39
  Use: Scroll            |       |     7 |     8 |     2 ||    17
 Stab: Sleeping          |       |     1 |    11 |    11 ||    23
       Distracted        |       |     1 |     1 |     4 ||     6
  Eat: Bread ration      |       |     1 |     2 |       ||     3
       Fruit             |       |       |       |     6 ||     6
       Pizza             |       |       |       |     2 ||     2

Vault maps used:
D:1:      onia_arrival_mini_spirals
D:2:      good_gods_temple_1, roderic_serpentine_path, tso_altar, uniq_sigmund
D:3:      minmay_box_of_dots, uniq_robin
D:4:      lightli_temple_of_fire, nemelex_xobeh_ov_fountains_minmay,
          minmay_temple_entry_enclosed_plants, serial_co_window_serial,
          co_window_corner_a, co_window_corner_a, co_window_of_opportunity_a,
          co_window_paths_a, co_window_cross_1, co_window_of_opportunity_a,
          co_window_corner_a, co_window_corner_a, co_window_paths_a,
          co_window_broadway_a, co_window_cross_2, co_window_corner_b,
          co_window_4corner_a, glass_columns_a, glass_columns_b,
          glass_columns_c, kennysheep_small_spiral
D:5:      grunt_temple_overflow_forces_of_nature,
          yredelemnul_forgotten_temple_becter, first_bread, serial_shops, shop,
          kennysheep_mini
D:6:      bloody_makhleb, grunt_ministairs_7
D:8:      kiku_gazebo_pond_becter, serial_shops, nicolae_shop_stone
D:9:      minitemple, kennysheep_generic_room_10
D:10:     erik_lair_orcish_takeover, david_orc_3, serial_shops,
          nicolae_shop_overgrown_old_shop, nicolae_shop_trees,
          nicolae_shop_crystal, shop
Lair:1:   lightli_volcano_entry_magma_tube, uniq_urug
Lair:2:   mu_elephants_graveyard, patterned_corridor, serial_bayou_shore_b,
          serial_bayou_shore_a
Volcano:  volcano_grotto

Table legend:
 A = Turns spent in this place as a percentage of turns spent in the entire game.
 B = Non-inter-level travel turns spent in this place as a percentage of non-inter-level travel turns spent in the entire game.
 C = Inter-level travel turns spent in this place as a percentage of turns spent in this place.
 D = Turns resting spent in this place as a percentage of non-inter-level travel turns spent in this place.
 E = Turns spent auto-exploring this place as a percentage of non-inter-level travel turns spent in this place.
 F = Non-inter-level travel turns spent in this place divided by the number of levels of this place that you've seen.
                   A       B       C       D       E      F
               +-------+-------+-------+-------+-------+----------------------
         Total | 100.0 | 100.0 |   0.3 |   1.2 |   6.6 | 400.5
       Dungeon |  84.0 |  84.0 |   0.4 |   1.2 |   7.2 | 437.2
          Lair |  12.4 |  12.4 |   0.2 |   0.6 |   3.1 | 324.0
       Volcano |   3.6 |   3.6 |   0.0 |   3.8 |   6.5 | 186.0
               +-------+-------+-------+-------+-------+----------------------

Table legend:
 A = Kills in this place as a percentage of kills in entire the game.
 B = Kills by you in this place as a percentage of kills by you in the entire game.
 C = Kills by friends in this place as a percentage of kills by friends in the entire game.
 D = Other kills in this place as a percentage of other kills in the entire game.
 E = Experience gained in this place as a percentage of experience gained in the entire game.
 F = Experience gained in this place divided by the number of levels of this place that you have seen.
                   A       B       C       D       E      F
               +-------+-------+-------+-------+-------+----------------------
         Total | 100.0 | 100.0 | 100.0 |  -nan | 100.0 | 1401.8
       Dungeon |  86.7 |  88.1 |  44.4 |  -nan |  59.0 | 1075.8
          Lair |   9.7 |   8.2 |  55.6 |  -nan |  32.6 | 2972.5
       Volcano |   3.6 |   3.7 |   0.0 |  -nan |   8.3 | 1521.0
               +-------+-------+-------+-------+-------+----------------------
